 Dungeon Crawl Stone Soup version 0.15.0-16-gce31824 (webtiles) character file.

84 Kashira the Vexing (level 4, -1/19 HPs)
             Began as a Felid Enchanter on Sept 6, 2014.
             Killed from afar by Dowan (8 damage)
             ... with a puff of flame
             ... on Level 4 of the Dungeon.
             The game lasted 00:18:43 (3770 turns).

Kashira the Vexing (Felid Enchanter)                Turns: 3770, Time: 00:18:44

HP  -1/19        AC  1     Str  4      XL: 4   Next: 24%
MP   5/11        EV 19     Int 16      God:
Gold 132         SH  0     Dex 17      Spells:  3 memorised,  1 level left
Lives: 0, deaths: 1

rFire  . . .     SeeInvis +       - Unarmed
rCold  . . .     Clarity  .     (armour unavailable)
rNeg   . . .     rCorr    .     (shield unavailable)
rPois  .         rRot     .     (helmet unavailable)
rElec  .         Spirit   .     (cloak unavailable)
SustAb .         Warding  .     (gloves unavailable)
rMut   .         Stasis   .     (boots unavailable)
Gourm  .                        (no amulet)
MR     .....                    (no ring)
                                (no ring)

@: quick, not resistant to hostile enchantments, stealthy
A: paw claws, no armour, no weapons or thrown items, fangs 3, see invisible,
carnivore 3, speed 1, shaggy fur 1, slow metabolism 1, jump 1
a: Jump Attack


You were on level 4 of the Dungeon.
You were not hungry.

You visited 1 branch of the dungeon, and saw 4 of its levels.

You collected 132 gold pieces.

Inventory:

Magical devices
 l - a wand of fireball (3)
 s - a wand of cold (6)
 v - a wand of teleportation (6) {unknown}
Comestibles
 d - 3 meat rations
 n - a slice of pizza
 o - a beef jerky
 r - a rotting chunk of hobgoblin flesh
Scrolls
 e - a scroll of fog
 f - a scroll of recharging
 g - 3 scrolls of teleportation
 i - a scroll of remove curse {unknown}
 j - 2 scrolls of fear {unknown}
 k - a scroll of identify {unknown}
 u - a scroll of amnesia {unknown}
Potions
 a - 2 potions of curing {unknown}
 b - 3 potions of invisibility {unknown}
 h - a potion of confusion {unknown}
 m - a potion of brilliance {unknown}
 p - a potion of heal wounds {unknown}
 q - a potion of might {unknown}
 t - a potion of poison {unknown}
Books
 c - a book of Maledictions

   Spells                             Type                      Level
   *Corona                            Hexes                        1
   Sure Blade                         Hexes/Charms                 2
   Ensorcelled Hibernation            Hexes/Ice                    2
   *Confuse                           Hexes                        3
   *Dazzling Spray                    Conjuration/Hexes            3
   Enslavement                        Hexes                        4


   Skills:
 + Level 1.5 Fighting
 + Level 3.8 Dodging
 - Level 5.0 Stealth
 + Level 1.5 Unarmed Combat
 + Level 2.9 Spellcasting
 + Level 5.3 Hexes


You had one spell level left.
You knew the following spells:

 Your Spells              Type           Power        Failure   Level  Hunger
a - Corona                Hex            ###....      1%          1    #......
b - Confuse               Hex            ###.....     8%          3    ###....
c - Dazzling Spray        Conj/Hex       ##......     21%         3    ###....


Dungeon Overview and Level Annotations

Branches:
Dungeon (4/15)
 Temple: D:4-7

Altars:

Annotations:
D:4 Dowan, Duvessa


Innate Abilities, Weirdness & Mutations

You cannot wear armour.
You are incapable of wielding weapons or throwing items.
Your paws have sharp claws.
You have razor-sharp teeth.
You have supernaturally acute eyesight.
You are carnivorous and can eat meat at any time.
You cover ground quickly.
You are covered in fur (AC +1).
You have a slow metabolism.
You can jump attack at a short distance.


Message History

The bolt of cold hits Duvessa.
Duvessa is lightly wounded.
An orc comes into view. It is wielding a dagger.
Evoke which item? (* to show all) (? for menu, Esc to quit)
Zapping:
l - a wand of fireball {zapped: 2}
Press: ? - help, Shift-Dir - straight line, f/p - Duvessa
Aim: Duvessa, wielding a cutlass and wearing a scale mail (lightly wounded)
The fireball explodes!
The fireball engulfs Duvessa.
Duvessa is heavily wounded.
Evoke which item? (* to show all) (? for menu, Esc to quit)
Zapping:
l - a wand of fireball {zapped: 3}
Press: ? - help, Shift-Dir - straight line, f/p - Duvessa
Aim: Duvessa, wielding a cutlass and wearing a scale mail (heavily wounded)
The fireball explodes!
The fireball engulfs Duvessa.
Duvessa is almost dead.
The fireball engulfs Dowan.
Dowan is moderately wounded.
Dowan casts a spell at you. The puff of flame hits you!
You die...

.......... ########..
####........ ........>#.#.
.####.#.<#... e#..#.#..#.#.
####+#### .#..#.#..#...
.........# e#..#....#.#.
#.......@# .#..###......
#........# .#...........
#..?.....###e#........... #
###.#...e....############
###.######.#....e%.........
##.......##.#...(...#######
...............)o...#
.#..................#
#)#.#...#.#.#.######


You could see Duvessa, Dowan and an orc.

Vanquished Creatures
  An orc wizard (D:4)
  4 adders
  A giant mite (D:1)
  A worm (D:2)
  2 giant geckos
  An ooze (D:3)
  9 giant cockroaches
  11 goblins
  10 hobgoblins
  4 jackals
  8 kobolds
  A ball python (D:3)
  7 bats
  5 giant newts
  2 quokkas
  8 rats
75 creatures vanquished.

Notes
Turn   | Place    | Note
--------------------------------------------------------------
     0 | D:1      | Kashira, the Felid Enchanter, began the quest for the Orb.
     0 | D:1      | Reached XP level 1. HP: 7/7 MP: 4/4
   353 | D:1      | Reached XP level 2. HP: 7/11 MP: 5/5
  1031 | D:1      | Reached skill level 5 in Hexes
  1305 | D:1      | Reached XP level 3. HP: 14/14 MP: 8/8
  1310 | D:1      | Learned a level 3 spell: Confuse
  1633 | D:1      | Reached skill level 5 in Stealth
  2063 | D:2      | Reached skill level 1 in Fighting
  2221 | D:2      | Reached XP level 4. HP: 17/19 MP: 4/11
  2920 | D:3      | Learned a level 3 spell: Dazzling Spray
  3717 | D:4      | Noticed a centaur
  3743 | D:4      | Slain by a centaur
  3744 | D:4      | Reached XP level 3. HP: -5/15 MP: 8/8
  3759 | D:4      | Noticed Duvessa
  3759 | D:4      | Noticed Dowan
  3762 | D:4      | Reached XP level 4. HP: 6/19 MP: 4/11
  3770 | D:4      | Killed from afar by Dowan

Action                   |  1- 3 |  4- 6 || total
-------------------------+-------+-------++-------
Melee: Unarmed           |   168 |   107 ||   275
 Cast: Corona            |    12 |       ||    12
       Confuse           |    13 |     9 ||    22
       Dazzling Spray    |       |     2 ||     2
 Abil: Jump Attack       |    27 |     9 ||    36
Evoke: Wand              |     1 |     5 ||     6
  Use: Scroll            |       |     3 ||     3
 Stab: Sleeping          |    10 |     6 ||    16
       Distracted        |     1 |       ||     1
       Confused          |     7 |     7 ||    14
  Eat: Chunk             |     9 |     9 ||    18
